 Dungeon Crawl Stone Soup version 0.27-a0-988-g25969acef8 (webtiles) character file.

Game seed: 10142294596063898160

394 tardwrangler69 the Chiller (level 6, -3/67 HPs)
             Began as a Draconian Ice Elementalist on Apr 15, 2021.
             Was an Initiate of Vehumet.
             Succumbed to Edmund's poison
             ... on level 4 of the Dungeon.
             The game lasted 00:05:00 (5168 turns).

tardwrangler69 the Chiller (DrIE)                   Turns: 5168, Time: 00:05:01

Health: -3/67      AC:  7    Str: 10    XL:     6   Next: 52%
Magic:  6/11       EV: 11    Int: 17    God:    Vehumet [......]
Gold:   142        SH:  4    Dex: 12    Spells: 4/12 levels left

rFire    . . .     SeeInvis .   t - +2 short sword (vamp)
rCold    . . .     Faith    .   g - +0 buckler
rNeg     . . .     Spirit   .   (armour unavailable)
rPois    .         Reflect  .   (helmet restricted)
rElec    .         Harm     .   (no cloak)
rCorr    .         Rampage  .   k - +0 pair of gloves
Will     .....                  (no boots)
Stlth    ..........             (no amulet)
HPRegen  0.21/turn              (no ring)
MPRegen  0.12/turn              (no ring)

@: berserking, lethally poisoned (-3 -> -31), freezing walls, attractive, very
quick
A: AC +6, unfitting armour, cold-blooded
a: Renounce Religion


You were on level 4 of the Dungeon.
You worshipped Vehumet.
Vehumet was noncommittal.
You visited 2 branches of the dungeon, and saw 5 of its levels.

You collected 142 gold pieces.

Inventory:

Hand Weapons
 t - a +2 vampiric short sword (weapon)
Armour
 g - a +0 buckler (worn)
 k - a +0 pair of gloves (worn)
 s - a +0 pair of boots
Wands
 n - a wand of flame (7)
Scrolls
 a - a scroll of magic mapping {unknown}
 d - a scroll of amnesia {unknown}
 e - 4 scrolls of identify {unknown}
 h - a scroll of teleportation {unknown}
 i - a scroll of fog {unknown}
 j - a scroll of noise {unknown}
 l - a scroll of vulnerability {unknown}
 m - a scroll of fear {unknown}
 p - a scroll of blinking {unknown}
 q - 3 scrolls of enchant armour {unknown}
 u - 2 scrolls of enchant weapon {unknown}
 v - a scroll of torment {unknown}
Potions
 o - 2 potions of haste
 r - a potion of lignification {unknown}


   Skills:
 - Level 1.7 Dodging
 - Level 1.7 Stealth
 + Level 2.8 Shields
 + Level 3.6 Spellcasting
 * Level 6.3 Ice Magic


You had 4 spell levels left.
You knew the following spells:

 Your Spells              Type           Power      Damage    Failure   Level
a - Freeze                Ice            96%        1d11      1%          1
b - Frozen Ramparts       Ice            48%        1d6       4%          3
c - Hailstorm             Conj/Ice       13%        3d5       45%         4

Your spell library contained the following spells:

 Spells                   Type           Power      Damage    Failure   Level
 Ozocubu's Armour         Ice            24%        N/A       4%          3
 Metabolic Englaciation   Hex/Ice        6%         N/A       80%         5


Dungeon Overview and Level Annotations

Branches:
Dungeon (4/15)             Temple (1/1) D:4

Altars:
Ashenzari
Cheibriados
Dithmenos
Fedhas
Gozag
Hepliaklqana
Kikubaaqudgha
Makhleb
Nemelex Xobeh
Okawaru
Qazlal
Ru
Sif Muna
Trog
Uskayaw
Vehumet
Wu Jian
Xom
Yredelemnul
Zin
The Shining One


Innate Abilities, Weirdness & Mutations

Your plain brown scales are hard. (AC +6)
You cannot fit into any form of body armour.
You are cold-blooded and may be slowed by cold attacks.


Message History

Edmund hits you with a +2 dire flail of venom!
* * * LOW HITPOINT WARNING * * *
You are lethally poisoned!
You hit Edmund.
You feel better.
Edmund is heavily wounded.
* * * LOW HITPOINT WARNING * * *
You feel very sick.
The wall freezes Edmund.
Edmund barely misses you.
It was a potion of attraction.
You feel attractive to monsters.
* * * LOW HITPOINT WARNING * * *
You feel very sick.
The wall freezes Edmund.
You block Edmund's attack.
Your magical contamination has completely faded away.
It was a potion of heal wounds.
You feel much better.
You feel very sick.
The wall freezes Edmund.
Edmund hits you with a +2 dire flail of venom!
You are lethally poisoned!
You closely miss Edmund. You tail-slap Edmund.
Edmund is almost dead.
* * * LOW HITPOINT WARNING * * *
You feel extremely sick.
The wall freezes Edmund.
Edmund hits you with a +2 dire flail of venom.
* * * LOW HITPOINT WARNING * * *
You are more poisoned.
It was a potion of berserk rage.
A red film seems to cover your vision as you go berserk!
You feel yourself moving faster!
You feel mighty!
* * * LOW HITPOINT WARNING * * *
You feel extremely sick.
The wall freezes Edmund.
You kill Edmund!
Vehumet accepts your kill.
You are too berserk!
You are too berserk!
Unknown command.
You feel a strong urge to attack something.
You die...

?^. ... ........ ....
............. .....
............. .....#
###.............
......##.##.?...........
......)...#..(..........
#..@...#............
##....).............
#..####............
#..## ##........... #..#
.##........>... ....
................ ..(..
.......<......... .....
................. ...
(...@............


There were no monsters in sight!

Vanquished Creatures
  Edmund (D:4)
  A scorpion (D:3)
  3 orc priests (D:3)
  An iguana (D:4)
  2 adders (D:4)
  A dart slug (D:2)
  11 orcs
  9 ball pythons
  8 endoplasms
  2 giant cockroaches
  4 hobgoblins
  11 jackals
  2 quokkas
  8 bats
  6 goblins
  9 kobolds
  2 rats (D:1)
81 creatures vanquished.

Notes
Turn   | Place    | Note
-------+----------+-------------------------------------------
     0 | D:1      | tardwrangler69 the Draconian Ice Elementalist began the
                  | quest for the Orb.
     0 | D:1      | Reached XP level 1. HP: 14/14 MP: 3/3
     2 | D:1      | Noticed a demigod
     2 | D:1      | Noticed a centaur
     4 | D:1      | Noticed a barachi
     6 | D:1      | Noticed a palentonga
     6 | D:1      | Noticed an octopode
     8 | D:1      | Noticed a merfolk
     8 | D:1      | Noticed a spriggan
    10 | D:1      | Noticed a human
    12 | D:1      | Noticed a felid
    12 | D:1      | Noticed a formicid
    14 | D:1      | Noticed a gargoyle
    16 | D:1      | Noticed an elf
    16 | D:1      | Noticed a tengu
    18 | D:1      | Noticed a minotaur
    18 | D:1      | Noticed a demonspawn
    20 | D:1      | Noticed a draconian
    20 | D:1      | Noticed a dwarf
    22 | D:1      | Noticed a vampire
    22 | D:1      | Noticed a troll
    24 | D:1      | Noticed a naga
    24 | D:1      | Noticed a ghoul
    26 | D:1      | Noticed a vine stalker
    26 | D:1      | Noticed an ogre
   146 | D:1      | Found a faded altar of an unknown god.
   777 | D:1      | Reached XP level 2. HP: 14/20 MP: 0/5
  2175 | D:2      | Reached XP level 3. HP: 26/26 MP: 6/6
  2965 | D:3      | Reached skill level 1 in Shields
  2965 | D:3      | Reached skill level 5 in Ice Magic
  2965 | D:3      | Reached XP level 4. HP: 11/33 MP: 1/8
  3382 | D:2      | Learned a level 3 spell: Frozen Ramparts
  3387 | D:2      | Learned a level 4 spell: Hailstorm
  3469 | D:3      | Reached XP level 5. HP: 15/38 MP: 4/9
  4776 | D:4      | Reached skill level 6 in Ice Magic
  4776 | D:4      | Reached XP level 6. HP: 45/45 MP: 7/11
  4815 | D:4      | Noticed Edmund
  4816 | D:4      | Found a staircase to the Ecumenical Temple.
  4826 | Temple   | Entered the Ecumenical Temple
  5137 | Temple   | Became a worshipper of Vehumet
  5167 | D:4      | HP: 1/67 [poisoned by Edmund]
  5167 | D:4      | Killed Edmund
  5168 | D:4      | Succumbed to Edmund's poison

Illustrated notes

Levels and vault maps discovered:
D:1:      kb_arrival_jail, layout_basic, hellmonk_ecumenical_altar_crossroads
D:2:      layout_loops_ring, minivault_5
D:3:      layout_loops_cross
D:4:      layout_basic, minmay_temple_entry_wispy, uniq_edmund, uniq_menkaure
Temple:   regret_index_temple_sigil_plot

Skill      XL: |  1  2  3  4  5 |
---------------+----------------+-----
Shields        | 1 2 |  2.8
Ice Magic      | 5 6 |  6.3
Spellcasting   | 3 |  3.6
Dodging        | |  1.7
Stealth        | |  1.7

Action                   |  1- 3 |  4- 6 || total
-------------------------+-------+-------++-------
Melee: Unarmed           |    61 |       ||    61
       Tailslap          |    16 |    15 ||    31
       Whip              |   101 |    56 ||   157
       Short sword       |       |    47 ||    47
 Cast: Freeze            |    18 |     5 ||    23
       Frozen Ramparts   |       |     6 ||     6
  Use: Potion            |       |     3 ||     3
 Stab: Sleeping          |     4 |     2 ||     6
Armor: Skin              |    68 |    37 ||   105
Dodge: Dodged            |   109 |    67 ||   176
Block: Buckler           |    16 |    24 ||    40

Table legend: (Time is in decaauts)
 A = Elapsed time spent in this place.
 B = Non-inter-level travel time spent in this place.
 C = Inter-level travel time spent in this place.
 D = Time resting spent in this place.
 E = Time spent auto-exploring this place.
 F = Levels seen in this place.
 G = Mean time per level.
                   A        B        C        D        E       F      G
               +--------+--------+--------+--------+--------+-----+--------+
         Total |   5204 |   4925 |    279 |    150 |   4119 |   5 | 1040.8 |
       Dungeon |   4874 |   4646 |    228 |    150 |   3841 |   4 | 1218.5 |
        Temple |    330 |    279 |     51 |      0 |    278 |   1 |  330.0 |
               +--------+--------+--------+--------+--------+-----+--------+

Top non-repeatable levels by time:
     D:1: 1591 daAuts
     D:2: 1537 daAuts
     D:3: 1374 daAuts
     D:4: 370 daAuts
  Temple: 330 daAuts
